 Dungeon Crawl Stone Soup version 0.25.1-8-g42b30a86e7 (webtiles) character file.

Game seed: 7285574614114688416

95 Clowwww the Skirmisher (level 4, -1/37 HPs)
             Began as a Demonspawn Abyssal Knight on Dec 13, 2020.
             Was a Believer of Lugonu.
             Slain by a gnoll
             ... wielding a +0 spear
              (5 damage)
             ... on level 3 of the Dungeon.
             The game lasted 00:04:04 (2791 turns).

Clowwww the Skirmisher (Demonspawn Abyssal Knight)  Turns: 2791, Time: 00:04:04

Health: -1/37      AC:  4    Str: 13    XL:     4   Next: 40%
Magic:  6/6        EV: 11    Int: 14    God:    Lugonu [**....]
Gold:   75         SH:  0    Dex: 12    Spells: 3/3 levels left

rFire    . . .     SeeInvis .   a - +1 hand axe
rCold    . . .     Gourm    .   (no shield)
rNeg     . . .     Faith    .   b - +0 leather armour
rPois    .         Spirit   .   (no helmet)
rElec    .         Reflect  .   (no cloak)
rCorr    .         Harm     .   o - +0 pair of gloves
MR       .....                  (no boots)
Stlth    ++........             (no amulet)
HPRegen  0.12/turn              (no ring)
MPRegen  0.10/turn              (no ring)

@: no status effects
A: nightstalker 1
a: Depart the Abyss, Bend Space, Renounce Religion


You were on level 3 of the Dungeon.
You worshipped Lugonu.
Lugonu was pleased with you.
You were very hungry.

You visited 1 branch of the dungeon, and saw 3 of its levels.
You visited the Abyss 1 time.

You collected 75 gold pieces.

Inventory:

Hand Weapons
 a - a +1 hand axe (weapon)
Armour
 b - a +0 leather armour (worn)
 o - a +0 pair of gloves (worn)
Jewellery
 h - an uncursed amulet of magic regeneration {unknown}
Scrolls
 f - 2 scrolls of remove curse {unknown}
 g - a scroll of enchant weapon {unknown}
 j - a scroll of identify {unknown}
 k - a scroll of magic mapping {unknown}
 l - a scroll of random uselessness {unknown}
 m - a scroll of noise {unknown}
 n - a scroll of enchant armour {unknown}
 q - a scroll of fear {unknown}
 r - a scroll of immolation {unknown}
Potions
 d - 2 potions of curing
 e - 2 potions of heal wounds {unknown}
 i - a potion of mutation {unknown}
 p - a potion of brilliance {unknown}
 s - a potion of flight {unknown}
Comestibles
 c - 5 rations


   Skills:
 + Level 3.8 Fighting
 + Level 2.8 Axes
 + Level 2.1 Armour
 + Level 1.3 Dodging
 + Level 0.5 Stealth
 + Level 3.0 Invocations


You had 3 spell levels left.
You didn't know any spells.
Your spell library was empty.

Dungeon Overview and Level Annotations

Branches:
Dungeon (3/15)

Altars:
Makhleb
Xom


Innate Abilities, Weirdness & Mutations

You are slightly more attuned to the shadows.


Message History

* * * LOW HITPOINT WARNING * * *
The gnoll hits you with a +0 spear.
* * * LOW HITPOINT WARNING * * *
The gnoll hits you with a +0 club.
* * * LOW HITPOINT WARNING * * *
You hit the gnoll.
The gnoll is moderately wounded.
Your leather armour prevents you from hitting the gnoll.
You hit the gnoll. You barely miss the gnoll.
The bat hits you but does no damage. The gnoll closely misses you.
The gnoll barely misses you. x2; The gnoll hits you but does no damage.
You hit the gnoll.
The gnoll is severely wounded.
You closely miss the gnoll.
Your leather armour prevents you from hitting the gnoll.
You hit the gnoll.
You are feeling very hungry.
The bat barely misses you. The gnoll closely misses you.
The gnoll hits you with a +0 spear.
You die...

# ######### .#
#.......# .# ##.......#
###.## #........#
#....#
.........######....#
#.##..........'.gg.#
≈≈.##....######.@..#
≈^≈≈##...# #ggb.....
#^^..#...# #........
♣^...#...# #........
._.....### #........
.≈≈^##.########........
^^.._#.......##........
....##.......#
#^.##........#


You could see 4 gnolls and a bat.

Vanquished Creatures
  3 adders (D:2)
  An ooze (D:1)
  2 dart slugs
  2 leopard geckos (D:2)
  An orc (D:3)
  A ball python (D:2)
  5 bats
  A giant cockroach (D:1)
  4 goblins
  8 hobgoblins
  3 jackals (D:2)
  A quokka (D:2)
  4 frilled lizards (D:1)
  10 kobolds
  12 rats
58 creatures vanquished.

Notes
Turn   | Place    | Note
-------+----------+-------------------------------------------
     0 | Abyss:1  | Clowwww the Demonspawn Abyssal Knight began the quest for
                  | the Orb.
     0 | Abyss:1  | Reached XP level 1. HP: 18/18 MP: 2/2
    11 | D:1      | Escaped the Abyss
   362 | D:1      | Reached * piety under Lugonu
   364 | D:1      | Gained mutation: You are slightly more attuned to the
                  | shadows. [demonic ancestry]
   364 | D:1      | Reached XP level 2. HP: 16/24 MP: 4/4
   837 | D:2      | Found a burning altar of Makhleb.
   859 | D:2      | Reached XP level 3. HP: 23/29 MP: 5/5
  1110 | D:2      | Reached skill level 1 in Dodging
  1635 | D:2      | Reached XP level 4. HP: 30/37 MP: 6/6
  1744 | D:2      | Reached ** piety under Lugonu
  2761 | D:3      | Found a shimmering altar of Xom.
  2762 | D:3      | Found a shimmering altar of Xom.
  2762 | D:3      | Found a shimmering altar of Xom.
  2791 | D:3      | Slain by a gnoll

Illustrated notes

Levels and vault maps discovered:
D:1:      heliophobic_arrival_dark_side_of_the_moon, layout_basic
D:2:      layout_rooms, bloody_makhleb
D:3:      layout_basic, grunt_temple_overflow_opulence, xom_redecorated,
          first_ration, minmay_ruptured

Skill      XL: |  1  2  3 |
---------------+----------+-----
Invocations    | 3 |  3.0
Axes           | 2 |  2.8
Armour         | 2 |  2.1
Dodging        | 1 |  1.3
Fighting       | |  3.8
Stealth        | |  0.5

Action                   |  1- 3 |  4- 6 || total
-------------------------+-------+-------++-------
Melee: Hand axe          |   107 |    52 ||   159
Invok: Depart the Abyss  |     1 |       ||     1
  Use: Potion            |     1 |       ||     1
 Stab: Sleeping          |     3 |     3 ||     6
  Eat: Chunk             |     2 |     3 ||     5
Armor: Leather armour    |    40 |    11 ||    51
Dodge: Dodged            |    74 |    54 ||   128
